[ AOE2 MATCH · #505225038 ]
UnrankedMaya vs Magyars
Player's team · WIN
Rival team · LOSS
[ REPLAY ANALYSIS · EXTRACTED FROM THE RECORDED GAME ]
Feudal
10:40
Castle
19:28
Imperial
—
| APM avg | 48.8 |
| APM peak | 89 |
| eAPM avg | 26.4 |
| Villagers / military | 82 / 45 |
Focus
⚔️ 32.4% · 🌾 67.6%
Archer ×28 · Eagle Scout ×11 · Militia ×3 · Skirmisher ×3
Feudal
9:37
Castle
21:43
Imperial
—
| APM avg | 56.0 |
| APM peak | 102 |
| eAPM avg | 17.4 |
| Villagers / military | 64 / 37 |
Focus
⚔️ 28.1% · 🌾 71.9%
Skirmisher ×20 · Archer ×10 · Militia ×4 · Mangonel ×3
Match map
Initial resources + every placement click. Lines = walls · curves = elevation contours. ◆ gold · ⬟ stone · ● berries · ✦ relic · ◌ wall gap
Your base· ✓ Closed at 19:28 · 36t walls · no gate
[TETU] tachou's base· ✓ Closed at 21:43 · 42t walls · no gate
Smoothed initial terrain · ◌ = detected wall gap · hover for details
Inputs per minute
— Jaco - - [TETU] tachou
Build order — Jaco
First 150 of 252 actions detected
| 0:00 | Research | Loom |
| 0:02 | Build | House |
| 0:04 | Build | House |
| 0:11 | Create | Villager (Male) |
| 0:11 | Create | Villager (Male) |
| 0:15 | Create | Villager (Male) |
| 1:22 | Create | Villager (Male) |
| 1:56 | Build | Lumber Camp |
| 2:02 | Create | Villager (Male) |
| 2:03 | Create | Villager (Male) |
| 2:50 | Create | Villager (Male) |
| 2:50 | Create | Villager (Male) |
| 3:15 | Create | Villager (Male) |
| 3:38 | Create | Villager (Male) |
| 4:00 | Build | House |
| 4:06 | Create | Villager (Male) |
| 4:16 | Build | House |
| 4:34 | Create | Villager (Male) |
| 4:36 | Create | Villager (Male) |
| 5:00 | Create | Villager (Male) |
| 5:03 | Build | Barracks |
| 5:12 | Build | House |
| 5:42 | Create | Villager (Male) |
| 5:58 | Create | Militia |
| 5:58 | Create | Militia |
| 6:05 | Create | Villager (Male) |
| 6:24 | Build | Mill |
| 6:30 | Create | Militia |
| 6:36 | Create | Villager (Male) |
| 7:04 | Create | Villager (Male) |
| 7:24 | Create | Villager (Male) |
| 7:41 | Build | Farm |
| 7:42 | Create | Villager (Male) |
| 8:30 | Research | Feudal Age |
| 8:58 | Build | Mining Camp |
| 9:20 | Build | Lumber Camp |
| 9:45 | Create | Villager (Male) |
| 10:04 | Build | Palisade Wall |
| 10:05 | Build | Palisade Wall |
| 10:06 | Build | Palisade Wall |
| 10:07 | Build | Palisade Wall |
| 10:16 | Build | Palisade Wall |
| 10:18 | Build | Palisade Wall |
| 10:21 | Build | Palisade Wall |
| 10:22 | Build | Palisade Wall |
| 10:24 | Build | Palisade Wall |
| 10:25 | Build | Palisade Wall |
| 10:27 | Build | Palisade Wall |
| 10:29 | Build | Palisade Wall |
| 10:32 | Build | Palisade Wall |
| 10:35 | Build | Palisade Wall |
| 10:36 | Build | Palisade Wall |
| 10:39 | Build | Palisade Wall |
| 10:40 | Age | Feudal Age |
| 10:43 | Create | Villager (Male) |
| 10:46 | Build | Farm |
| 10:52 | Build | Archery Range |
| 11:04 | Build | Farm |
| 11:07 | Build | Palisade Wall |
| 11:15 | Build | Palisade Wall |
| 11:16 | Build | Palisade Wall |
| 11:19 | Build | Farm |
| 11:27 | Create | Villager (Male) |
| 11:33 | Build | Farm |
| 11:38 | Build | House |
| 11:43 | Create | Villager (Male) |
| 11:47 | Create | Archer |
| 12:03 | Build | Farm |
| 12:16 | Create | Villager (Male) |
| 12:25 | Build | Farm |
| 12:38 | Create | Villager (Male) |
| 12:40 | Create | Archer |
| 12:41 | Create | Archer |
| 12:49 | Build | Farm |
| 13:05 | Create | Villager (Male) |
| 13:13 | Create | Villager (Male) |
| 13:27 | Create | Villager (Male) |
| 13:29 | Build | Farm |
| 13:34 | Create | Archer |
| 13:40 | Build | Farm |
| 13:54 | Build | House |
| 14:21 | Build | House |
| 14:29 | Build | House |
| 14:36 | Create | Skirmisher |
| 14:37 | Create | Villager (Male) |
| 14:37 | Create | Villager (Male) |
| 14:56 | Build | House |
| 15:01 | Build | House |
| 15:03 | Create | Skirmisher |
| 15:04 | Create | Villager (Male) |
| 15:22 | Build | Farm |
| 15:25 | Create | Archer |
| 15:36 | Build | Blacksmith |
| 15:39 | Build | Palisade Wall |
| 15:44 | Build | Palisade Wall |
| 15:47 | Create | Skirmisher |
| 15:58 | Create | Villager (Male) |
| 16:14 | Create | Villager (Male) |
| 16:19 | Build | Palisade Wall |
| 16:28 | Build | Palisade Wall |
| 16:29 | Build | Palisade Wall |
| 16:35 | Research | Castle Age |
| 16:35 | Research | Castle Age |
| 16:43 | Research | Double-Bit Axe |
| 17:22 | Research | Fletching |
| 17:25 | Research | Horse Collar |
| 17:25 | Research | Horse Collar |
| 17:38 | Create | Archer |
| 18:03 | Research | Gold Mining |
| 18:03 | Create | Archer |
| 18:16 | Build | Archery Range |
| 18:29 | Create | Archer |
| 18:37 | Build | House |
| 18:40 | Create | Villager (Male) |
| 19:28 | Age | Castle Age |
| 19:34 | Research | Crossbowman (upgrade) |
| 19:35 | Create | Archer |
| 19:38 | Research | Bodkin Arrow |
| 19:39 | Create | Villager (Male) |
| 19:43 | Build | Town Center |
| 20:13 | Build | Town Center |
| 20:17 | Research | Bow Saw |
| 20:20 | Create | Villager (Male) |
| 20:21 | Create | Archer |
| 20:21 | Create | Archer |
| 20:21 | Create | Archer |
| 20:23 | Create | Archer |
| 20:36 | Create | Archer |
| 20:36 | Create | Archer |
| 21:11 | Create | Villager (Male) |
| 21:12 | Create | Villager (Male) |
| 21:16 | Create | Archer |
| 21:26 | Create | Villager (Male) |
| 21:27 | Create | Villager (Male) |
| 21:37 | Create | Villager (Male) |
| 21:45 | Build | Farm |
| 21:53 | Create | Archer |
| 21:54 | Create | Archer |
| 21:55 | Create | Archer |
| 21:56 | Create | Archer |
| 22:01 | Create | Villager (Male) |
| 22:03 | Build | Farm |
| 22:03 | Build | Farm |
| 22:12 | Create | Archer |
| 22:12 | Create | Archer |
| 22:15 | Create | Villager (Male) |
| 22:29 | Create | Villager (Male) |
| 22:29 | Create | Villager (Male) |
| 22:30 | Build | Farm |
| 22:32 | Build | Farm |
Build order — [TETU] tachou
First 150 of 181 actions detected
| 0:01 | Create | Villager (Male) |
| 0:01 | Create | Villager (Male) |
| 0:01 | Create | Villager (Male) |
| 0:02 | Create | Villager (Male) |
| 0:02 | Create | Villager (Male) |
| 0:04 | Build | House |
| 0:05 | Build | House |
| 1:24 | Create | Villager (Male) |
| 1:51 | Build | Lumber Camp |
| 2:01 | Create | Villager (Male) |
| 2:02 | Create | Villager (Male) |
| 2:21 | Create | Villager (Male) |
| 2:51 | Create | Villager (Male) |
| 2:51 | Create | Villager (Male) |
| 3:17 | Create | Villager (Male) |
| 3:39 | Create | Villager (Male) |
| 4:02 | Build | House |
| 4:10 | Create | Villager (Male) |
| 4:10 | Create | Villager (Male) |
| 4:24 | Build | House |
| 4:36 | Build | House |
| 4:59 | Create | Villager (Male) |
| 5:27 | Create | Villager (Male) |
| 5:33 | Create | Villager (Male) |
| 5:59 | Build | Barracks |
| 6:09 | Build | Barracks |
| 6:18 | Create | Villager (Male) |
| 6:18 | Research | Loom |
| 6:52 | Build | Mining Camp |
| 7:04 | Build | House |
| 7:27 | Research | Feudal Age |
| 7:44 | Build | Palisade Wall |
| 8:01 | Build | Palisade Wall |
| 8:03 | Build | Palisade Wall |
| 8:07 | Create | Militia |
| 8:07 | Create | Militia |
| 8:35 | Build | Mill |
| 8:47 | Create | Militia |
| 8:48 | Create | Militia |
| 9:12 | Build | House |
| 9:37 | Age | Feudal Age |
| 9:47 | Build | Archery Range |
| 9:52 | Create | Villager (Male) |
| 10:23 | Create | Villager (Male) |
| 10:28 | Build | Mill |
| 10:34 | Create | Villager (Male) |
| 10:55 | Create | Archer |
| 10:56 | Create | Archer |
| 11:15 | Create | Villager (Male) |
| 11:35 | Build | Farm |
| 11:35 | Build | Farm |
| 11:40 | Create | Archer |
| 11:55 | Create | Villager (Male) |
| 12:06 | Build | Farm |
| 12:14 | Create | Villager (Male) |
| 12:16 | Build | Farm |
| 12:26 | Build | House |
| 12:36 | Create | Villager (Male) |
| 12:42 | Create | Archer |
| 12:50 | Create | Villager (Male) |
| 12:56 | Build | House |
| 13:07 | Create | Villager (Male) |
| 13:19 | Create | Villager (Male) |
| 13:29 | Create | Villager (Male) |
| 13:37 | Build | Farm |
| 13:41 | Create | Archer |
| 13:48 | Research | Double-Bit Axe |
| 13:49 | Create | Villager (Male) |
| 13:56 | Build | House |
| 13:57 | Create | Villager (Male) |
| 14:02 | Build | House |
| 14:03 | Build | Palisade Wall |
| 14:06 | Build | Palisade Wall |
| 14:09 | Create | Villager (Male) |
| 14:13 | Create | Villager (Male) |
| 14:19 | Build | House |
| 14:24 | Build | Palisade Wall |
| 14:26 | Build | Palisade Wall |
| 14:28 | Create | Villager (Male) |
| 14:36 | Build | Palisade Wall |
| 14:37 | Create | Villager (Male) |
| 14:42 | Build | Palisade Wall |
| 14:45 | Create | Archer |
| 15:08 | Create | Villager (Male) |
| 15:12 | Create | Villager (Male) |
| 15:25 | Create | Villager (Male) |
| 15:44 | Create | Villager (Male) |
| 15:46 | Create | Villager (Male) |
| 15:48 | Build | Farm |
| 15:51 | Build | Farm |
| 15:53 | Build | Farm |
| 15:55 | Build | House |
| 15:57 | Build | House |
| 15:58 | Build | House |
| 16:04 | Create | Villager (Male) |
| 16:08 | Build | Farm |
| 16:16 | Create | Villager (Male) |
| 16:19 | Create | Archer |
| 16:29 | Create | Skirmisher |
| 16:31 | Create | Villager (Male) |
| 16:48 | Create | Villager (Male) |
| 16:50 | Create | Skirmisher |
| 17:29 | Create | Villager (Male) |
| 17:33 | Build | Blacksmith |
| 17:47 | Create | Villager (Male) |
| 18:11 | Create | Skirmisher |
| 18:31 | Create | Villager (Male) |
| 18:41 | Build | Archery Range |
| 18:57 | Research | Castle Age |
| 19:09 | Build | Farm |
| 19:33 | Research | Fletching |
| 19:36 | Create | Skirmisher |
| 19:36 | Create | Skirmisher |
| 19:56 | Build | Farm |
| 19:58 | Build | Farm |
| 19:59 | Build | Farm |
| 20:00 | Build | Farm |
| 20:06 | Research | Horse Collar |
| 20:11 | Create | Skirmisher |
| 20:11 | Create | Skirmisher |
| 20:18 | Create | Skirmisher |
| 20:36 | Build | House |
| 20:47 | Research | Padded Archer Armor |
| 20:51 | Build | House |
| 21:13 | Create | Villager (Male) |
| 21:14 | Create | Skirmisher |
| 21:15 | Create | Skirmisher |
| 21:19 | Create | Skirmisher |
| 21:43 | Age | Castle Age |
| 21:45 | Build | House |
| 22:10 | Research | Bodkin Arrow |
| 22:12 | Research | Elite Skirmisher (upgrade) |
| 22:28 | Create | Skirmisher |
| 22:38 | Create | Villager (Male) |
| 22:51 | Build | Town Center |
| 23:06 | Create | Skirmisher |
| 23:07 | Create | Skirmisher |
| 23:14 | Create | Villager (Male) |
| 23:21 | Build | House |
| 23:43 | Create | Villager (Male) |
| 24:08 | Build | House |
| 24:18 | Create | Skirmisher |
| 24:41 | Build | House |
| 24:52 | Create | Villager (Male) |
| 25:22 | Build | Siege Workshop |
| 25:29 | Create | Villager (Male) |
| 25:40 | Create | Archer |
| 25:41 | Create | Archer |
| 25:41 | Create | Archer |
| 25:46 | Build | Farm |
Match timeline
| 5:03 | Jaco · first_building Barracks |
| 5:59 | [TETU] tachou · first_building Barracks |
| 7:44 | [TETU] tachou · wall_segment Palisade Wall x1 |
| 8:01 | [TETU] tachou · wall_segment Palisade Wall x1 |
| 8:03 | [TETU] tachou · wall_segment Palisade Wall x1 |
| 9:37 | [TETU] tachou · age_up feudal |
| 9:47 | [TETU] tachou · first_building Archery Range |
| 10:04 | Jaco · wall_segment Palisade Wall x1 |
| 10:05 | Jaco · wall_segment Palisade Wall x1 |
| 10:06 | Jaco · wall_segment Palisade Wall x1 |
| 10:07 | Jaco · wall_segment Palisade Wall x1 |
| 10:16 | Jaco · wall_segment Palisade Wall x1 |
| 10:18 | Jaco · wall_segment Palisade Wall x1 |
| 10:21 | Jaco · wall_segment Palisade Wall x1 |
| 10:22 | Jaco · wall_segment Palisade Wall x1 |
| 10:24 | Jaco · wall_segment Palisade Wall x1 |
| 10:25 | Jaco · wall_segment Palisade Wall x1 |
| 10:27 | Jaco · wall_segment Palisade Wall x2 |
| 10:29 | Jaco · wall_segment Palisade Wall x1 |
| 10:32 | Jaco · wall_segment Palisade Wall x1 |
| 10:35 | Jaco · wall_segment Palisade Wall x1 |
| 10:36 | Jaco · wall_segment Palisade Wall x1 |
| 10:39 | Jaco · wall_segment Palisade Wall x1 |
| 10:40 | Jaco · age_up feudal |
| 10:52 | Jaco · first_building Archery Range |
| 11:07 | Jaco · wall_segment Palisade Wall x1 |
| 11:15 | Jaco · wall_segment Palisade Wall x1 |
| 11:16 | Jaco · wall_segment Palisade Wall x1 |
| 14:03 | [TETU] tachou · wall_segment Palisade Wall x8 |
| 14:06 | [TETU] tachou · wall_segment Palisade Wall x11 |
| 14:24 | [TETU] tachou · wall_segment Palisade Wall x3 |
| 14:26 | [TETU] tachou · wall_segment Palisade Wall x7 |
| 14:36 | [TETU] tachou · wall_segment Palisade Wall x6 |
| 14:42 | [TETU] tachou · wall_segment Palisade Wall x4 |
| 15:39 | Jaco · wall_segment Palisade Wall x5 |
| 15:44 | Jaco · wall_segment Palisade Wall x1 |
| 16:19 | Jaco · wall_segment Palisade Wall x4 |
| 16:28 | Jaco · wall_segment Palisade Wall x5 |
| 16:29 | Jaco · wall_segment Palisade Wall x1 |
| 19:28 | Jaco · age_up castle |
| 21:43 | [TETU] tachou · age_up castle |
| 24:16 | Jaco · wall_segment Palisade Wall x1 |
| 25:22 | [TETU] tachou · first_building Siege Workshop |
| 29:19 | [TETU] tachou · resign |
[ AI ANALYSIS · 1 CREDIT ]
What really happened in this match?
Wolo.gg analyzes every decision: build order, eco, micro, common mistakes by bracket. Personalized analysis on WhatsApp or Discord in 30 seconds.
Civ guide
Maya
Perfil
Jugador #1470140